 Dungeon Crawl Stone Soup version 0.30.1-9-gdf580d7c3d (webtiles) character file.

Game seed: 4895369814965228042

604133 GeoRichter the Cloud Mage (level 26, -7/303 (316) HPs)
             Began as a Demonspawn Air Elementalist on Sept 23, 2023.
             Was an Initiate of Gozag.
             Mangled by a green draconian monk (11 damage)
             ... on level 1 of the Realm of Zot on Sept 29, 2023.
             The game lasted 03:28:29 (85659 turns).

GeoRichter the Cloud Mage (DsAE)                   Turns: 85659, Time: 03:28:30

HP:   -7/303 (316)  AC: 29    Str: 14    XL:     26   Next: 5%
MP:   0/47          EV: 14    Int: 25    God:    Gozag
Gold: 13432         SH: 13    Dex: 13    Spells: 17/55 levels left

rFire   + + +        m - staff of death "Bubroty" {rF+ rN+ rCorr Str+3}
rCold   + + .        S - +1 kite shield {rF+}
rNeg    + + .        C - +4 moon troll leather armour {Spirit, Regen++ MP+5}
rPois   +            (helmet unavailable)
rElec   +            O - +2 cloak {Will+}
rCorr   +            s - +0 pair of gloves
SInv    +            e - +3 pair of mountain boots {steadfast, rC+}
Will    ++...        W - amulet of the Air {Inacc Air Fly rElec RMsl} Stlth
                     Z - ring of protection from fire
HPRegen 2.30/turn    X - ring of Avumn {rPois rC+ rN+}
MPRegen 0.60/turn

%: repel missiles, guardian spirit
@: berserking (expiring), sanguine armoured, flying, studying 2 skills, lightly
drained, bribing [the Realm of Zot], very quick
A: antennae 3, ignite blood 3, augmentation 2, magic shield, magic regeneration,
magic link, sanguine armour 3, clumsy 1, sturdy frame 1
}: 4/15 runes: serpentine, barnacled, slimy, silver
a: Renounce Religion, Potion Petition, Call Merchant, Bribe Branch


You were on level 1 of the Realm of Zot.
You worshipped Gozag.
Gozag was extremely pleased with you.
You visited 12 branches of the dungeon, and saw 51 of its levels.
You visited the Abyss 2 times.
You also visited: Volcano and Wizlab.

You collected 29242 gold pieces.
You spent 4066 gold pieces at shops.
You paid 11744 gold pieces to Gozag.

Inventory:

Missiles
 r - 11 throwing nets {!f}
Armour
 e - the +3 pair of mountain boots (worn) {steadfast, rC+}
   (You acquired it on level 4 of the Shoals)

   Steadfast: It prevents involuntary movement, except for blinking,
   teleportation, or banishment.
   rC:        It protects you from cold.
 i - a +1 kite shield of protection
   (You took it off a naga warrior on level 3 of the Snake Pit)
 s - a +0 pair of gloves (worn)
   (You found it on level 2 of the Snake Pit)
 u - the +1 cloak of Starlight {*Dazzle EV+4 Stlth--}
   (You found it on level 5 of the Vaults)

   *Dazzle:   It may blind those who miss an attack against the wearer in melee
   combat.
   EV:        It affects your evasion (+4).
   Stlth:     It makes you much less stealthy.
 C - the +4 moon troll leather armour (worn) {Spirit, Regen++ MP+5}
   (You took it off a moon troll in a wizard's laboratory)

   MP:        It affects your magic capacity (+5).
   Regen:     It increases your rate of health regeneration.
 D - a +2 cloak of preservation
   (You found it in a wizard's laboratory)
 O - a +2 cloak of willpower (worn)
   (You found it on level 2 of the Depths)
 P - a scarf of resistance
   (You found it on level 4 of the Depths)
 Q - the +6 fire dragon scales "Yseweesa" {rPois rF++ rC- Dex+4}
   (You found it on level 5 of the Pits of Slime)

   Dex:       It affects your dexterity (+4).
   rF:        It greatly protects you from fire.
   rC:        It makes you vulnerable to cold.
   rPois:     It protects you from poison.
 S - a +1 kite shield of fire resistance (worn)
   (You took it off a naga warrior on level 4 of the Snake Pit)
Magical Staves
 m - the staff of death "Bubroty" (weapon) {rF+ rN+ rCorr Str+3}
   (You found it on level 2 of the Depths)

   [staff of death]

   Base accuracy: +5 Base damage: 5 Base attack delay: 1.2 This weapon's minimum
   attack delay (0.6) is reached at skill level 12.
   Str:       It affects your strength (+3).
   rF:        It protects you from fire.
   rN:        It protects you from negative energy.
   rCorr:     It protects you from acid and corrosion.
   It falls into the 'Staves' category.
   It is a one-handed weapon.
 E - the staff of cold "Niboqubb" {rF+ rC+ Will+ rCorr Str-4}
   (You found it on level 5 of the Vaults)

   [staff of cold]

   Base accuracy: +5 Base damage: 5 Base attack delay: 1.2 This weapon's minimum
   attack delay (0.6) is reached at skill level 12.
   Str:       It affects your strength (-4).
   rF:        It protects you from fire.
   rC:        It protects you from cold.
   rCorr:     It protects you from acid and corrosion.
   Will:      It increases your willpower.
   It falls into the 'Staves' category.
   It is a one-handed weapon.
Jewellery
 b - the ring "Ocseto" {Drain rC++ rN+ MP+9 Stlth+}
   (You found it on level 5 of the Pits of Slime)

   [ring of magical power]

   rC:        It greatly protects you from cold.
   rN:        It protects you from negative energy.
   MP:        It affects your magic capacity (+9).
   Drain:     It drains your maximum health when unequipped.
   Stlth:     It makes you more stealthy.
 R - the dreamshard necklace {*Dream Drain}
   (You took it off a tengu reaver on level 5 of the Vaults)

   [amulet of nothing]

   *Dream:    It shatters if its wearer takes lethal or near-lethal damage,
   preventing the blow and releasing protective dreams that heal and fight for
   the wearer.
   Drain:     It drains your maximum health when unequipped.
 W - the amulet of the Air (around neck) {Inacc Air Fly rElec RMsl}
   (You bought it in a shop on level 2 of the Snake Pit)

   [amulet of nothing]

   Inacc:     It reduces the accuracy of your attacks and spells.
   Air:       It enhances your air magic.
   rElec:     It insulates you from electricity.
   Fly:       It grants you flight.
   RMsl:      It protects you from missiles.
 X - the ring of Avumn (right hand) {rPois rC+ rN+}
   (You bought it in a shop on level 2 of the Snake Pit)

   [ring of protection from cold]

   rC:        It protects you from cold.
   rPois:     It protects you from poison.
   rN:        It protects you from negative energy.
 Z - a ring of protection from fire (left hand)
   (You found it on level 2 of the Dungeon)
Wands
 o - a wand of paralysis (58)
   (You found it on level 2 of the Lair of Beasts)
 H - a wand of polymorph (26)
   (You found it on level 4 of the Lair of Beasts)
 T - a wand of quicksilver (53)
   (You found it on level 11 of the Dungeon)
 Y - a wand of digging (3)
   (You found it on level 5 of the Pits of Slime)
Scrolls
 a - 8 scrolls of fear
 c - 4 scrolls of enchant armour
 g - 14 scrolls of immolation {!r}
 j - 7 scrolls of vulnerability {!r}
 k - 13 scrolls of noise {!r}
 p - 4 scrolls of teleportation {@r4}
 q - 3 scrolls of brand weapon
 t - 8 scrolls of enchant weapon
 y - 5 scrolls of blinking
 F - 5 scrolls of fog
 G - 9 scrolls of magic mapping
 I - 7 scrolls of amnesia
 K - 6 scrolls of poison
 N - 6 scrolls of torment {!r}
 U - 3 scrolls of butterflies
Potions
 d - 15 potions of curing {@q1}
 f - 7 potions of haste {@q3}
 h - a potion of cancellation
 l - 10 potions of mutation {!q}
 n - 3 potions of attraction {!q}
 v - 11 potions of brilliance
 w - a potion of magic
 x - 2 potions of resistance
 z - 15 potions of lignification {!q}
 A - 4 potions of might
 B - 3 potions of heal wounds {@q2}
 J - 4 potions of flight
 L - 3 potions of ambrosia
 M - 4 potions of berserk rage
Miscellaneous
 V - a phantom mirror (inert)
   (You found it on level 2 of the Snake Pit)


   Skills:
 - Level 17.8 Fighting
 - Level 4.0 Armour
 - Level 8.9 Dodging
 - Level 1.7 Stealth
 - Level 11.7 Shields
 - Level 15.0 Spellcasting
 * Level 23.4 Conjurations
 - Level 18.0 Ice Magic
 * Level 23.6 Air Magic


You had 17 spell levels left.
You knew the following spells:

 Your Spells              Type           Power      Damage    Failure   Level
a - Chain Lightning       Conj/Air       58%        3d78      41%         9
c - Airstrike             Air            58%        2d(9-25)  0%          4
d - Ozocubu's Refrigerat  Ice            41%        4d16      3%          7
e - Arcjolt               Conj/Air       58%        1d68      0%          5
f - Maxwell's Capacitive  Air            58%        ∞         2%          8
g - Freezing Cloud        Conj/Ice/Air   56%        6-21      1%          5

Your spell library contained the following spells:

 Spells                   Type           Power      Damage    Failure   Level
 Magic Dart               Conj           100%       1d8       0%          1
 Shock                    Conj/Air       100%       1d9       0%          1
 Static Discharge         Conj/Air       100%       2-7/arc   0%          2
 Frozen Ramparts          Ice            100%       1d16      0%          3
 Swiftness                Air            100%       N/A       0%          3
 Iskenderun's Battlesphe  Conj           94%        2d14      0%          5
 Foxfire                  Conj/Fire      100%       2x1d9     1%          1
 Kiss of Death            Conj/Necr      100%       2d13      1%          1
 Cigotuvi's Dreadful Rot  Necr/Pois/Air  100%       N/A       1%          2
 Ensorcelled Hibernation  Hex/Ice        100%       N/A       1%          2
 Poisonous Vapours        Pois/Air       100%       N/A       1%          2
 Dazzling Flash           Conj/Hex       100%       N/A       1%          3
 Mephitic Cloud           Conj/Pois/Air  98%        N/A       1%          3
 Stone Arrow              Conj/Erth      100%       3d13      1%          3
 Vhi's Electric Charge    Tloc/Air       100%       N/A       1%          3
 Flame Wave               Conj/Fire      67%        2d15      1%          4
 Fulminant Prism          Conj/Hex       33%        3d16      1%          4
 Ice Form                 Ice/Tmut       59%        N/A       1%          4
 Iskenderun's Mystic Bla  Conj/Tloc      67%        2d14      1%          4
 Sticky Flame             Conj/Fire      67%        2d8       1%          4
 Summon Ice Beast         Ice/Summ       59%        N/A       1%          4
 Summon Lightning Spire   Summ/Air       86%        N/A       1%          4
 Fireball                 Conj/Fire      33%        3d14      1%          5
 Conjure Ball Lightning   Conj/Air       58%        3x3d21    1%          6
 Orb of Destruction       Conj           47%        9d12      1%          7
 Metabolic Englaciation   Hex/Ice        29%        N/A       4%          5
 Sandblast                Erth           36%        2d10      7%          1
 Sting                    Tmut/Pois      72%        1d6       7%          1
 Plasma Beam              Fire/Air       43%        2x1d62    9%          6
 Starburst                Conj/Fire      33%        6d10      9%          6
 Call Imp                 Summ           36%        N/A       10%         2
 Lesser Beckoning         Tloc           36%        N/A       10%         2
 Passwall                 Tmut/Erth      15%        N/A       10%         2
 Scorch                   Fire           36%        2d6       10%         2
 Sublimation of Blood     Necr           28%        N/A       10%         2
 Wereblood                Tmut           18%        N/A       10%         2
 Confusing Touch          Hex            18%        N/A       21%         3
 Gell's Gravitas          Tloc           18%        N/A       21%         3
 Ignite Poison            Fire/Tmut/Pois 18%        N/A       21%         3
 Inner Flame              Hex/Fire       18%        N/A       21%         3
 Summon Guardian Golem    Hex/Summ       18%        N/A       21%         3
 Teleport Other           Tloc           18%        N/A       21%         3
 Volatile Blastmotes      Fire/Tloc      36%        2d13      21%         3
 Storm Form               Tmut/Air       43%        N/A       41%         7
 Anguish                  Hex/Necr       14%        N/A       54%         4
 Cause Fear               Hex            9%         N/A       54%         4
 Dispel Undead            Necr           28%        3d13      54%         4
 Leda's Liquefaction      Hex/Erth       9%         N/A       54%         4
 Olgreb's Toxic Radiance  Pois           18%        N/A       54%         4
 Petrify                  Tmut/Erth      18%        N/A       54%         4
 Alistair's Intoxication  Tmut/Pois      12%        N/A       88%         5
 Blade Hands              Tmut           9%         N/A       88%         5
 Borgnjor's Vile Clutch   Necr/Erth      14%        N/A       88%         5
 Lee's Rapid Deconstruct  Erth           9%         3d7*      88%         5
 Summon Mana Viper        Hex/Summ       18%        N/A       88%         5
 Yara's Violent Unravell  Hex/Tmut       9%         3d6       88%         5
 Lehudib's Crystal Spear  Conj/Erth      33%        10d9      98%         8
 Polar Vortex             Ice            41%        N/A       99%         9
 Death Channel            Necr           14%        N/A       100%        6
 Eringya's Noxious Bog    Tmut/Pois      9%         N/A       100%        6
 Statue Form              Tmut/Erth      12%        N/A       100%        6
 Summon Cactus Giant      Summ           9%         N/A       100%        6
 Enfeeble                 Hex            9%         N/A       100%        7
 Summon Hydra             Summ           9%         N/A       100%        7
 Borgnjor's Revivificati  Necr           14%        N/A       100%        8
 Ignition                 Fire           9%         3d5       100%        8
 Necromutation            Tmut/Necr      14%        N/A       100%        8
 Death's Door             Necr           14%        N/A       100%        9
 Simulacrum               Ice/Necr       Unusable   N/A       N/A         6

Dungeon Overview and Level Annotations

Branches:
Dungeon (15/15) Zot: 24475  Temple (1/1) D:6 Zot: 5634    Lair (5/5) D:9 Zot: 19280
 Shoals (4/4) Lair:2 Zot: 15656   Snake (4/4) Lair:3 Zot: 14166   Slime (5/5) Lair:4 Zot: 25971
    Orc (2/2) D:11 Zot: 9118     Elf (3/3) Orc:2 Zot: 12651  Vaults (5/5) D:13 Zot: 17829
  Crypt (1/3) Vaults:2 Zot: 5985  Depths (4/4) D:15 Zot: 17842     Zot (2/5) Depths:4 Zot: 11207
Volcano (visited)          WizLab (visited)

Altars:
Ashenzari
Cheibriados
Dithmenos
Fedhas
Gozag
Hepliaklqana
Kikubaaqudgha
Makhleb
Nemelex Xobeh
Okawaru
Qazlal
Ru
Sif Muna
Trog
Uskayaw
Vehumet
Wu Jian
Xom
Yredelemnul

Shops:
D:11 (*:*=   Orc:2 ([***   Elf:3 *   Shoals:1 =   Snake:2 =:=   Vaults:1 *(
Vaults:4 (

Portals:
Hell: Depths:1 Depths:2 Depths:3 Depths:4
Abyss: D:9 Depths:3
Pandemonium: Depths:2
Ziggurat: Depths:4

Annotations:
D:3 1 runed translucent door, Crazy Yiuf
D:4 3 runed translucent doors, NullDivider's ghost, amateur OpVM; Sigmund; chujev's ghost, amateur MfVM
D:9 2 transporters, ripuliukko's ghost, novice DEEE
D:15 2 transporters, Jiecrehi's ghost, journeyman DDFi
Lair:4 1 runed translucent door, exclusion: 3 oklob plants, Seven7's ghost, journeyman MiFi
Lair:5 exclusion: obsidian statue
Shoals:2 1 runed translucent door, Madon's ghost, journeyman DgGl
Vaults:1 36 runed doors
Depths:3 8 runed translucent doors
Depths:4 3 exclusions


Innate Abilities, Weirdness & Mutations

You have a pair of large antennae on your head. (SInv)
Your demonic aura causes all spilled blood to erupt in flames.
Your magical and physical power is enhanced at high health.
When hurt, damage is shared between your health and your magic reserves.
You regenerate magic rapidly.
When low on magic, you restore magic in place of health.
When seriously injured, your blood forms very thick armour. (AC +12)
You are clumsy. (Dex -2)
Your movements are slightly less encumbered by armour. (ER -2)


Message History

You partially resist. The shadow dragon claws you!
* * * LOW HITPOINT WARNING * * *
The shadow dragon claws you but does no damage.
You hit the white draconian stormcaller but do no damage.
The white draconian stormcaller is severely wounded.
The green draconian monk is engulfed in blazing flames.
The green draconian monk hits you.
* * * LOW HITPOINT WARNING * * *
The green draconian monk kicks you but does no damage.
You block the green draconian monk's attack.
The green draconian monk barely misses you.
The shadow dragon is engulfed in blazing flames.
The shadow dragon bites you.
* * * LOW HITPOINT WARNING * * *
You partially resist.
You feel drained.
The shadow dragon claws you but does no damage.
The shadow dragon claws you!
* * * LOW HITPOINT WARNING * * *
The golden dragon rages.
The shadow dragon is engulfed in blazing flames.
You block the shadow dragon's attack. The shadow dragon misses you.
The shadow dragon claws you but does no damage.
The white draconian stormcaller is engulfed in blazing flames.
The white draconian stormcaller hits you with a +0 short sword.
* * * LOW HITPOINT WARNING * * *
The shadow dragon is engulfed in blazing flames.
The shadow dragon barely misses you. You block the shadow dragon's attack.
The shadow dragon claws you.
* * * LOW HITPOINT WARNING * * *
The green draconian monk is engulfed in blazing flames.
The green draconian monk hits you!
* * * LOW HITPOINT WARNING * * *
The green draconian monk closely misses you.
The green draconian monk tail-slaps you but does no damage.
The green draconian monk tail-slaps you.
* * * LOW HITPOINT WARNING * * *
Unknown command.
You are too berserk!
You are too berserk!
The shadow dragon is engulfed in blazing flames.
The shadow dragon bites you!
* * * LOW HITPOINT WARNING * * *
The shadow dragon claws you but does no damage. x2
The shadow dragon is engulfed in blazing flames.
You block the shadow dragon's attack. x2
The shadow dragon claws you but does no damage.
The green draconian monk is engulfed in blazing flames.
The green draconian monk hits you!
You die...
Your body crumbles into a pile of gold.

#.....................
#...######..#######...
#...# #..# #.## #.."#
###..# #.## #...# #....#
#.(. ####...# #...## #...
#^.....# #..)## ####...
#......#####...####....##
#.....yD@qDk......[......
####...qD###......#......
#...ky# #......#......
#...### ##########....
#...# #.... #...# #....
#...# ####...# #...#
#....... #...# #.......


You could see 2 shadow dragons, a green draconian monk (berserk), a golden
dragon (berserk), a white draconian stormcaller, 2 moths of wrath and 2 rime
drakes.

Vanquished Creatures
  the Royal Jelly (Slime:5)
  An ancient lich (Vaults:5)
  A dread lich (Depths:4)
  An orb of fire (Zot:1)
  5 caustic shrikes (Depths:4)
  Xtahua (Vaults:4)
  7 golden dragons
  A bone dragon (Abyss:3)
  8 tentacled monstrosities
  6 titans
  5 liches
  A moon troll (WizLab)
  3 quicksilver dragons
  2 deep elf master archers (Elf:3)
  2 deep elf blademasters (Elf:3)
  17 acid blobs
  13 tentacled starspawn
  3 sphinxes
  5 storm dragons
  8 tengu reavers
  7 shadow dragons
  6 nagarajas (Snake:4)
  9 azure jellies (Slime:5)
  11 rockslimes
  13 frost giants
  15 fire giants
  2 draconian knights
  A draconian scorcher (Zot:1)
  2 iron dragons
  A balrug (Depths:2)
  8 deep elf sorcerers
  21 vault wardens
  A ghost moth (Zot:1)
  5 deep elf elementalists
  19 ironbound preservers
  2 orc warlords
  A draconian shifter (Zot:1)
  A cacodemon (WizLab)
  A spriggan defender (Depths:3)
  40 very ugly things
  3 war gargoyles
  A stone giant (shapeshifter) (Vaults:5)
  9 quicksilver oozes
  22 stone giants
  5 ironbound thunderhulks
  7 vampire knights
  2 yellow draconians (Depths:4)
  6 spark wasps
  5 deep elf annihilators
  A white draconian (Depths:4)
  4 deep elf demonologists
  3 purple draconians (Zot:1)
  12 dire elephants
  A red draconian (Depths:4)
  4 merfolk javelineers
  A blizzard demon (Depths:2)
  21 ettins
  2 crystal guardians (WizLab)
  6 deep elf death magi
  7 merfolk impalers
  13 great orbs of eyes
  15 yaktaur captains
  Josephine (Orc:1)
  12 fire dragons
  6 deep elf high priests
  2 entropy weavers
  7 spriggan air magi
  A peacekeeper (Vaults:4)
  6 rakshasas
  6 salamander tyrants
  7 merfolk avatars
  4 ironbound frosthearts
  14 ice dragons
  5 hydras
  31 vault guards
  2 catoblepae (Shoals:3)
  4 boulder beetles
  7 anacondas
  4 satyrs (Shoals:4)
  24 centaur warriors
  9 ogre magi
  4 merfolk aquamancers
  24 two-headed ogres
  A death knight (D:15)
  3 alligator snapping turtles
  An anaconda (shapeshifter) (Vaults:2)
  6 deep troll shamans
  15 tengu warriors
  15 naga warriors
  A shock serpent (shapeshifter) (Vaults:5)
  6 shock serpents
  29 dancing weapons
  3 deep troll earth magi
  6 death yaks
  3 vampire magi
  5 hell knights
  21 deep elf knights
  A spriggan berserker (Depths:2)
  A wretched star (Abyss:3)
  2 skysharks
  A titan skeleton (Vaults:5)
  2 skeletal warriors
  A skyshark (shapeshifter) (Vaults:5)
  A spectral death yak (Lair:5)
  13 naga sharpshooters
  3 sun demons
  7 salamander mystics
  3 iron trolls
  7 sea snakes
  A death drake (shapeshifter) (Elf:2)
  7 spectral anacondas
  15 glowing orange brains
  59 deep trolls
  19 deep elf archers
  4 anaconda skeletons (Snake:3)
  An orb spider (shapeshifter) (D:14)
  3 phantasmal warriors (Vaults:5)
  3 anaconda zombies (Snake:3)
  14 ironbound convokers
  9 lindwurms
  A steelbarb worm (shapeshifter) (Vaults:5)
  2 flayed ghosts
  A harpy (shapeshifter) (Elf:2)
  A shadow dragon zombie (Vaults:1)
  4 naga ritualists
  12 necromancers
  4 orc knights
  10 wizards
  38 deep elf pyromancers
  33 deep elf zephyrmancers
  57 ugly things
  27 harpies
  18 manticores
  2 frost giant zombies
  A mana viper (shapeshifter) (Vaults:5)
  11 mana vipers
  12 cyclopes
  2 oklob plants
  6 shining eyes
  A salamander (shapeshifter) (Elf:1)
  23 salamanders
  11 fauns
  4 moths of wrath (Zot:1)
  3 orc sorcerers
  2 elephants (shapeshifter) (Vaults:5)
  3 centaur zombies (D:10)
  8 merfolk sirens
  36 black mambas
  A worldbinder (Abyss:3)
  4 large abominations
  2 smoke demons (Depths:2)
  A stone giant skeleton (Vaults:1)
  A dire elephant zombie (Lair:5)
  9 water nymphs
  9 eyes of devastation
  An elf zombie (Vaults:1)
  3 guardian serpents
  9 cane toads
  A guardian serpent (shapeshifter) (D:14)
  15 elephants (Lair:5)
  17 naga magi
  23 vault sentinels
  Maurice (Orc:1)
  A dire elephant skeleton (Lair:5)
  An elf skeleton (Vaults:1)
  3 gargoyles (Volcano)
  2 torpor snails (Lair:5)
  4 efreet
  2 unseen horrors
  A kobold demonologist (D:12)
  2 unseen horror zombies (D:10)
  9 komodo dragons
  A rime drake (Lair:4)
  A spectral unseen horror (D:10)
  4 anaconda simulacra (Snake:3)
  4 ice devils (Depths:2)
  37 yaktaurs
  3 freezing wraiths
  3 tengu conjurers
  A yaktaur skeleton (Vaults:4)
  5 trolls
  5 wind drakes (Shoals:4)
  2 ancient zymes (Abyss:3)
  38 merfolk
  A hornet (shapeshifter) (D:14)
  A meliai (D:14)
  A hornet (D:10)
  3 polar bears
  9 blink frogs
  10 snapping turtles
  A harpy skeleton (Volcano)
  A raiju (Abyss:3)
  A spectral elephant (Lair:5)
  12 dream sheep
  3 shadows
  14 flying skulls
  72 slime creatures
  A spriggan (shapeshifter) (Elf:2)
  4 air elementals
  2 ynoxinuls (Abyss:3)
  12 water elementals
  2 vampires
  3 wyverns
  A culicivora (Vaults:4)
  10 wraiths
  A yak (shapeshifter) (Depths:2)
  A fire elemental (Elf:3)
  21 golden eyes
  49 yaks
  4 steam dragons
  8 basilisks
  2 redbacks (Vaults:4)
  2 neqoxecs
  6 vampire mosquitoes
  2 death yak simulacra (Lair:5)
  8 wargs
  A swamp worm (shapeshifter) (Vaults:2)
  79 nagas
  13 water moccasins
  2 spectral cane toads (Lair:5)
  An acid dragon (shapeshifter) (Vaults:5)
  4 acid dragons
  An ogre zombie (Vaults:1)
  2 small abominations (Abyss:3)
  3 floating eyes
  A hell hound (D:10)
  14 orc warriors
  2 ice beasts
  9 black bears (Lair:3)
  A boulder beetle simulacrum (D:10)
  2 sky beasts
  9 boggarts
  28 ogres
  4 black mamba simulacra (D:10)
  13 wolves
  A phantom (D:5)
  9 centaurs
  2 human zombies (Vaults:4)
  5 bullfrogs
  4 kobold brigands
  4 earth elementals
  4 gnoll sergeants
  A cane toad simulacrum (Lair:5)
  2 scorpions
  A wight (D:8)
  3 elephant simulacra (Lair:5)
  2 human simulacra
  3 killer bees (D:7)
  2 troll skeletons (Volcano)
  2 electric eels
  2 howler monkeys
  2 crimson imps (Depths:2)
  3 hounds
  2 gnoll boudas
  5 jellies
  17 orc priests
  A sleepcap (D:5)
  12 starcursed masses
  Jessica (D:3)
  3 centaur skeletons (D:10)
  18 orc wizards
  4 iguanas
  2 centaur simulacra (D:10)
  27 gnolls
  9 adders
  2 white imps
  A dart slug (shapeshifter) (Vaults:4)
  2 dart slugs (D:1)
  3 worms
  86 orcs
  7 bats
  11 endoplasms
  3 giant cockroaches
  4 goblins
  12 hobgoblins
  2 jackals (D:5)
  17 kobolds
  7 quokkas
  10 ball pythons
  2 frilled lizards
  8 rats
  8 starspawn tentacles
2233 creatures vanquished.

Vanquished Creatures (collateral kills)
  A frost giant (D:14)
1 creature vanquished.

Vanquished Creatures (others)
  An ironbound preserver (Vaults:5)
  A merfolk aquamancer (Shoals:4)
  A deep elf pyromancer (Elf:1)
  A phantasmal warrior (Vaults:5)
  35 starspawn tentacles
39 creatures vanquished.

Grand Total: 2273 creatures vanquished

Notes
Turn   | Place    | Note
-------+----------+-------------------------------------------
     0 | D:1      | GeoRichter the Demonspawn Air Elementalist began the quest
                  | for the Orb.
     0 | D:1      | Reached XP level 1. HP: 13/13 MP: 3/3
   258 | D:1      | Gained mutation: When seriously injured, your blood forms
                  | armour. (AC +12) [demonic ancestry]
   258 | D:1      | Reached XP level 2. HP: 19/19 MP: 0/5
   901 | D:1      | Reached XP level 3. HP: 24/24 MP: 2/6
  1336 | D:2      | Found a faded altar of an unknown god.
  1691 | D:2      | Gained mutation: When seriously injured, your blood forms
                  | thick armour. (AC +12) [demonic ancestry]
  1691 | D:2      | Reached XP level 4. HP: 24/30 MP: 0/7
  2282 | D:2      | Learned a level 2 spell: Static Discharge
  2531 | D:2      | Reached skill level 5 in Air Magic
  3443 | D:3      | Reached XP level 5. HP: 35/35 MP: 4/8
  3643 | D:3      | Noticed Jessica
  3646 | D:3      | Killed Jessica
  4029 | D:3      | Identified the +6 hammer of the Silent Majority {heavy,
                  | Fragile rC+ rN+ Stlth+}
  4036 | D:3      | Found a runed translucent door.
  4037 | D:3      | Noticed Crazy Yiuf
  4371 | D:4      | Noticed an ogre
  4517 | D:3      | Learned a level 4 spell: Airstrike
  4888 | D:4      | Gained mutation: You regenerate magic rapidly. [demonic
                  | ancestry]
  4888 | D:4      | Reached XP level 6. HP: 11/41 MP: 2/9
  5251 | D:4      | Found a snail-covered altar of Cheibriados.
  5276 | D:4      | Noticed Sigmund
  5601 | D:4      | Found a runed translucent gate.
  5601 | D:4      | Found a runed translucent gate.
  5602 | D:4      | Found a runed translucent gate.
  5603 | D:4      | Noticed chujev's ghost (amateur MfVM)
  5603 | D:4      | Noticed NullDivider's ghost (amateur OpVM)
  5687 | D:5      | Entered Level 5 of the Dungeon
  5840 | D:5      | Gained mutation: You have a pair of small antennae on your
                  | head. [demonic ancestry]
  5840 | D:5      | Reached XP level 7. HP: 45/46 MP: 3/10
  6324 | D:5      | Noticed a yak
  6326 | D:5      | Noticed a yak
  6327 | D:5      | Noticed a yak
  6332 | D:5      | Killed a yak
  6333 | D:5      | Reached skill level 1 in Fighting
  6342 | D:5      | Killed a yak
  6343 | D:5      | Gained mutation: Your demonic aura sometimes causes spilled
                  | blood to erupt in flames. [demonic ancestry]
  6343 | D:5      | Reached XP level 8. HP: 25/57 MP: 0/12
  7407 | D:6      | Reached skill level 5 in Spellcasting
  7456 | D:6      | Reached skill level 5 in Fighting
  7869 | D:6      | Found a staircase to the Ecumenical Temple.
  7877 | Temple   | Entered the Ecumenical Temple
  8233 | Temple   | Became a worshipper of Gozag Ym Sagoz the Greedy
  8571 | D:7      | Reached XP level 9. HP: 65/69 MP: 9/17
  9032 | D:7      | Noticed a two-headed ogre
  9044 | D:7      | Killed a two-headed ogre
 10207 | D:8      | Reached skill level 1 in Shields
 10640 | Abyss:2  | Cast into level 2 of the Abyss (gnoll sergeant)
 10644 | Abyss:2  | Found a corrupted altar of Lugonu.
 10656 | D:9      | Escaped the Abyss
 10806 | D:9      | Noticed a toenail golem
 10811 | D:9      | Noticed a tentacled starspawn
 10818 | D:9      | Found a transporter.
 10818 | D:9      | Found a transporter.
 10823 | D:9      | Noticed a rakshasa
 10828 | D:9      | Noticed a troll
 10832 | D:9      | Killed a troll
 10833 | D:9      | Gained mutation: Your demonic aura often causes spilled
                  | blood to erupt in flames. [demonic ancestry]
 10833 | D:9      | Reached XP level 10. HP: 82/82 MP: 5/21
 10967 | D:9      | Noticed a skeletal warrior
 11149 | D:9      | Found a one-way gate to the infinite horrors of the Abyss.
 11171 | D:9      | Noticed a thrashing horror
 11317 | D:9      | Found a staircase to the Lair.
 11840 | D:9      | Noticed ripuliukko's ghost (novice DEEE)
 11887 | Lair:1   | Entered Level 1 of the Lair of Beasts
 11887 | Lair:1   | Noticed an oklob plant
 11903 | Lair:1   | Reached skill level 10 in Fighting
 12649 | Lair:1   | Gained mutation: When hurt, damage is shared between your
                  | health and your magic reserves. [demonic ancestry]
 12649 | Lair:1   | Reached XP level 11. HP: 82/95 MP: 15/22
 13556 | Lair:2   | Upgraded the game from 0.30.1-8-g117510f58f to
                  | 0.30.1-9-gdf580d7c3d
 13663 | Lair:1   | Reached skill level 1 in Ice Magic
 14215 | Lair:2   | Found a staircase to the Shoals.
 14393 | Lair:2   | Identified the +1 leather armour "Piylat" {rF- rN++ Int+5}
 14980 | Lair:2   | Identified the +10 hand axe "Caor Tae" {freeze, Fly rC+
                  | Str+5 Dex-2}
 15006 | Lair:2   | Reached skill level 5 in Ice Magic
 15515 | Lair:2   | Learned a level 7 spell: Ozocubu's Refrigeration
 15599 | Lair:3   | Identified the +4 whip of Uskayaw's Condemnation {drain,
                  | rF+ Will+ Str+5}
 15896 | Lair:3   | Gained mutation: You have a pair of antennae on your head.
                  | [demonic ancestry]
 15896 | Lair:3   | Reached XP level 12. HP: 103/103 MP: 0/23
 16115 | Lair:3   | Reached skill level 5 in Dodging
 16209 | Lair:3   | Identified the scarf "Sozoof" {harm, Contam Will++}
 16377 | Lair:3   | Found a staircase to the Snake Pit.
 16991 | Lair:4   | Noticed a five-headed hydra
 17218 | Lair:4   | Found a staircase to the Slime Pits.
 17307 | Lair:4   | Noticed a seven-headed hydra
 17309 | Lair:4   | Killed a seven-headed hydra
 17459 | Lair:4   | Found a runed translucent door.
 17504 | Lair:4   | Noticed Seven7's ghost (journeyman MiFi)
 17504 | Lair:4   | Noticed a death yak
 18072 | Lair:4   | Killed a five-headed hydra
 18557 | Lair:5   | Entered Level 5 of the Lair of Beasts
 18557 | Lair:5   | Noticed a death yak
 18733 | Lair:5   | Noticed a dire elephant
 18733 | Lair:5   | Noticed a dire elephant
 18734 | Lair:5   | Noticed a dire elephant
 19174 | Lair:5   | Reached skill level 10 in Ice Magic
 19278 | Lair:5   | Noticed a boulder beetle
 19284 | Lair:5   | Killed a boulder beetle
 19467 | Lair:5   | Killed a death yak
 19468 | Lair:5   | Gained mutation: When seriously injured, your blood forms
                  | very thick armour. (AC +12) [demonic ancestry]
 19468 | Lair:5   | Reached XP level 13. HP: 109/109 MP: 7/24
 20777 | Lair:5   | Identified the staff of poison "Nikya" {Contam rPois Int+4
                  | SInv}
 21632 | Lair:5   | HP: 1/106 [dire elephant (29)]
 21746 | Lair:5   | Killed a dire elephant
 21968 | D:10     | Entered Level 10 of the Dungeon
 23093 | D:10     | Reached XP level 14. HP: 116/116 MP: 1/25
 23655 | D:10     | Found a basalt altar of Yredelemnul.
 24109 | D:11     | Found Oxkyamni's Assorted Antiques.
 24126 | D:11     | Bought a potion of mutation for 232 gold pieces
 24144 | D:11     | Bought a manual of Shields for 880 gold pieces
 24196 | D:11     | Found Kaedul's Assorted Antiques.
 24202 | D:11     | Bought a potion of haste for 280 gold pieces
 24214 | D:11     | Reached skill level 15 in Ice Magic
 24284 | D:11     | Found Jydem's Weapon Shoppe.
 24547 | D:11     | Found a staircase to the Orcish Mines.
 26331 | Orc:1    | Entered Level 1 of the Orcish Mines
 26344 | Orc:1    | Found a dark tunnel.
 26344 | Orc:1    | Gained mutation: You are frail. (-10% HP) [mutagenic glow]
 26353 | Volcano  | Entered a volcano
 27118 | Orc:1    | Lost mutation: You are frail. (-10% HP) [potion of
                  | mutation]
 27118 | Orc:1    | Gained mutation: You occasionally shout uncontrollably at
                  | your foes. [potion of mutation]
 27118 | Orc:1    | Lost mutation: You occasionally shout uncontrollably at
                  | your foes. [potion of mutation]
 27118 | Orc:1    | Gained mutation: Your movements are slightly less
                  | encumbered by armour. (ER -2) [potion of mutation]
 27381 | Orc:1    | Noticed an orc warlord
 27543 | D:11     | Killed an orc warlord
 27643 | Orc:1    | Noticed Maurice
 27847 | Orc:1    | Killed Maurice
 27928 | Orc:2    | Entered Level 2 of the Orcish Mines
 27929 | Orc:2    | Found Lilant's General Store.
 27943 | Orc:2    | Reached skill level 1 in Armour
 27955 | Orc:2    | Found a staircase to the Elven Halls.
 27972 | Orc:2    | Paralysed by an ogre mage for 2 turns
 27994 | Orc:2    | Paralysed by something for 5 turns
 28006 | Orc:2    | Noticed an orc warlord
 28024 | Orc:1    | Noticed Josephine
 28540 | Orc:2    | Found Quwoem's Assorted Antiques.
 28540 | Orc:2    | Found Meshin's Antique Weapon Shop.
 28540 | Orc:2    | Found Oponon's General Store.
 28540 | Orc:2    | Found Wotsien's Armour Shoppe.
 28754 | Orc:2    | Killed an orc warlord
 28787 | Orc:2    | Bought a potion of magic for 216 gold pieces
 29596 | Orc:1    | Reached XP level 15. HP: 122/124 MP: 12/27
 29597 | Orc:1    | Killed Josephine
 29869 | D:13     | Found a gate to the Vaults.
 30342 | D:13     | Identified the +0 cloak "Lucuc" {Str+6}
 30850 | D:14     | Noticed a frost giant
 31329 | Snake:1  | Entered Level 1 of the Snake Pit
 34492 | Snake:2  | Gained mutation: When low on magic, you restore magic in
                  | place of health. [demonic ancestry]
 34492 | Snake:2  | Reached XP level 16. HP: 131/131 MP: 17/29
 34941 | Snake:2  | Reached skill level 10 in Spellcasting
 35091 | Snake:2  | Found Leheum's Jewellery Shoppe.
 35091 | Snake:2  | Found Faagouss's Book Boutique.
 35092 | Snake:2  | Found Lilant's Jewellery Shoppe.
 35098 | Snake:2  | Bought the amulet of the Air {Inacc Air Fly rElec RMsl} for
                  | 488 gold pieces
 35098 | Snake:2  | Found the amulet of the Air {Inacc Air Fly rElec RMsl}
 35112 | Snake:2  | Bought the ring of Avumn {rPois rC+ rN+} for 606 gold
                  | pieces
 35223 | Snake:2  | Bought a book of the Sky for 616 gold pieces
 35683 | Snake:3  | Reached skill level 5 in Shields
 36765 | D:11     | Bought a book of Lightning for 374 gold pieces
 36771 | D:11     | Learned a level 5 spell: Arcjolt
 38244 | Snake:4  | Entered Level 4 of the Snake Pit
 38249 | Snake:4  | Reached skill level 10 in Air Magic
 38891 | Snake:4  | Identified the +4 halberd of the Kissing Gods {spect, rElec
                  | Dex+4}
 40001 | Snake:4  | Reached XP level 17. HP: 137/137 MP: 9/31
 40235 | Snake:4  | Reached skill level 5 in Conjurations
 41139 | Snake:4  | Got a serpentine rune of Zot
 41438 | Shoals:1 | Entered Level 1 of the Shoals
 41606 | Shoals:1 | Found Baleire's Jewellery Boutique.
 42014 | Shoals:1 | Got Sif Muna's Quarto of United Attacks
 42459 | Shoals:1 | Reached skill level 10 in Shields
 44200 | Shoals:2 | Found a runed translucent door.
 44200 | Shoals:2 | Noticed Madon's ghost (journeyman DgGl)
 44842 | Shoals:2 | Learned a level 8 spell: Maxwell's Capacitive Coupling
 45947 | Shoals:3 | Learned a level 5 spell: Freezing Cloud
 46768 | Shoals:4 | Entered Level 4 of the Shoals
 47110 | Shoals:4 | Gained mutation: You have a pair of large antennae on your
                  | head. (SInv) [demonic ancestry]
 47110 | Shoals:4 | Reached XP level 18. HP: 141/144 MP: 15/32
 47155 | Shoals:4 | Reached XP level 19. HP: 150/150 MP: 28/34
 47942 | Shoals:4 | Identified the +1 quarterstaff of the Fray {chaos, rPois
                  | rF+ Int+3}
 48198 | Shoals:4 | Identified the amulet "Edwirus" {Faith rC++ Dex-2 Stlth+}
 48500 | Shoals:4 | Identified the +2 sling of Yredelemnul's Respect {elec,
                  | *Slow rElec Str+8}
 48507 | Shoals:4 | Identified a scroll of acquirement
 48507 | Shoals:4 | Acquired the +3 pair of mountain boots {steadfast, rC+}
 48507 | Shoals:4 | Found the +3 pair of mountain boots {steadfast, rC+}
 49223 | Shoals:4 | Got a barnacled rune of Zot
 49807 | Elf:1    | Entered Level 1 of the Elven Halls
 49954 | Elf:1    | Reached skill level 15 in Air Magic
 50720 | Elf:1    | Paralysed by an air elemental for 1 turns
 51430 | D:14     | Identified the +0 robe "Saideir" {Int+6}
 52563 | D:15     | Entered Level 15 of the Dungeon
 52919 | D:15     | Paralysed by an ogre mage for 5 turns
 53172 | D:15     | Found a transporter.
 53265 | D:15     | Noticed Jiecrehi's ghost (journeyman DDFi)
 53458 | D:15     | Identified the +7 great mace of Ashenzari, Healing {flame,
                  | +Blink rElec rF+ Dex-3}
 53460 | D:15     | Found a transporter.
 53580 | D:15     | Found a staircase to the Depths.
 53818 | D:15     | Acquired 943 gold pieces
 54046 | Vaults:1 | Entered Level 1 of the Vaults
 54563 | Vaults:1 | Found a huge runed gate.
 54563 | Vaults:1 | Found a huge runed gate.
 54563 | Vaults:1 | Found a huge runed gate.
 54564 | Vaults:1 | Found a huge runed gate.
 54565 | Vaults:1 | Found a huge runed gate.
 54575 | Vaults:1 | Reached XP level 20. HP: 143/159 MP: 10/36
 55327 | Abyss:3  | Cast into level 3 of the Abyss (a wizard)
 55570 | Abyss:3  | Noticed a bone dragon
 55660 | Abyss:3  | Killed a bone dragon
 55692 | Vaults:1 | Escaped the Abyss
 56895 | Vaults:1 | Found a huge runed gate.
 56895 | Vaults:1 | Found a huge runed gate.
 56896 | Vaults:1 | Found a huge runed gate.
 56897 | Vaults:1 | Found a huge runed gate.
 56897 | Vaults:1 | Found a huge runed gate.
 56897 | Vaults:1 | Found a huge runed gate.
 56897 | Vaults:1 | Found a huge runed gate.
 56897 | Vaults:1 | Found a huge runed gate.
 56898 | Vaults:1 | Found a huge runed gate.
 56899 | Vaults:1 | Found a huge runed gate.
 56900 | Vaults:1 | Found a huge runed gate.
 56901 | Vaults:1 | Found a huge runed gate.
 57055 | Vaults:1 | Found a huge runed gate.
 57055 | Vaults:1 | Found a huge runed gate.
 57055 | Vaults:1 | Found a huge runed gate.
 57055 | Vaults:1 | Found a huge runed gate.
 57055 | Vaults:1 | Found a huge runed gate.
 57055 | Vaults:1 | Found a huge runed gate.
 57056 | Vaults:1 | Found a huge runed gate.
 57057 | Vaults:1 | Found a huge runed gate.
 57058 | Vaults:1 | Found a huge runed gate.
 57066 | Vaults:1 | Found a huge runed gate.
 57066 | Vaults:1 | Found a huge runed gate.
 57066 | Vaults:1 | Found a huge runed gate.
 57066 | Vaults:1 | Found a huge runed gate.
 57066 | Vaults:1 | Found a huge runed gate.
 57066 | Vaults:1 | Found a huge runed gate.
 57067 | Vaults:1 | Found a huge runed gate.
 57068 | Vaults:1 | Found a huge runed gate.
 57069 | Vaults:1 | Found a huge runed gate.
 57079 | Vaults:1 | Found a huge runed gate.
 57596 | Vaults:1 | Found Gas Tepn's Weapon Shoppe.
 57767 | Vaults:1 | Identified the +2 robe "Gesm" {Contam rPois Str+3 Archmagi}
 58288 | Vaults:2 | Found a magical portal.
 58297 | WizLab   | Entered Lehudib's Moon Base
 58789 | WizLab   | Found a transporter.
 59516 | WizLab   | Gained mutation: Your magical and physical power is
                  | slightly enhanced at high health. [demonic ancestry]
 59516 | WizLab   | Reached XP level 21. HP: 126/165 MP: 12/39
 61172 | WizLab   | Found a transporter.
 61516 | WizLab   | Got Lehudib's Opusculum on the Transformed Volcano
 61611 | Vaults:1 | Bought 2 potions of curing for 66 gold pieces
 61611 | Vaults:1 | Bought a scroll of blinking for 82 gold pieces
 61611 | Vaults:1 | Bought a scroll of magic mapping for 82 gold pieces
 62137 | Depths:1 | Entered Level 1 of the Depths
 62391 | Vaults:2 | Reached skill level 15 in Spellcasting
 63250 | Vaults:2 | Found a staircase to the Crypt.
 63250 | Vaults:2 | Found an ancient bone altar of Kikubaaqudgha.
 63278 | Vaults:2 | Found a basalt altar of Yredelemnul.
 65115 | Vaults:4 | Reached skill level 15 in Fighting
 65271 | Vaults:4 | Noticed Xtahua
 65275 | Vaults:4 | Killed Xtahua
 65569 | Vaults:4 | Identified the +3 leather armour "Loeluk" {Rampage Str+2}
 65770 | Vaults:4 | Gained mutation: Your magical and physical power is
                  | enhanced at high health. [demonic ancestry]
 65770 | Vaults:4 | Reached XP level 22. HP: 175/175 MP: 12/41
 65901 | Vaults:4 | Found Caro's Weapon Emporium.
 67610 | Elf:2    | Identified the +2 flail of the Forsaken Thickets {drain,
                  | +Blink rF++ Str+3 Stlth-}
 67657 | Elf:2    | Paralysed by an air elemental for 1 turns
 67762 | Elf:2    | Found a runed translucent gate.
 67785 | Elf:2    | Found a runed translucent gate.
 67786 | Elf:2    | Found a runed translucent gate.
 68422 | Elf:2    | Found a hide-covered altar of Uskayaw.
 69304 | Elf:3    | Entered Level 3 of the Elven Halls
 69508 | Elf:3    | Found Xietonia's General Store.
 69515 | Elf:3    | Bought a potion of mutation for 144 gold pieces
 70615 | Elf:3    | Identified the amulet "Togeqoptix" {Spirit -Cast rPois
                  | Str+3 SInv}
 70625 | Elf:3    | Identified the +8 hand axe "Achow" {elec, rC+ Str-3 Int+4
                  | SInv}
 70625 | Elf:3    | Identified the amulet "Sekk" {Acrobat rF+ rC+ rCorr}
 70919 | Elf:3    | Identified the +0 rapier of Obsession {venom, rPois rC+}
 70920 | Elf:3    | Identified the +3 ring mail of Lukko {+Inv Fly rF++ Stlth-}
 70948 | Elf:3    | Got the Enchiridion on Incandescence
 70950 | Elf:3    | Identified the +0 long sword of the Firefly {speed, rPois}
 70967 | Elf:3    | Got the Commentary on the Curse
 70970 | Elf:3    | Got Sif Muna's Handbook of the Fulgurous Evil Eye
 70974 | Elf:3    | Identified the staff of earth "Juostrikh" {rPois}
 71403 | D:15     | Gained mutation: Your demonic aura causes all spilled blood
                  | to erupt in flames. [demonic ancestry]
 71403 | D:15     | Reached XP level 23. HP: 146/187 MP: 8/42
 71678 | Depths:1 | Found a hide-covered altar of Uskayaw.
 72170 | Depths:1 | Found a gateway to Hell.
 72484 | Depths:2 | Paralysed by a sphinx for 3 turns
 72567 | Depths:2 | Found a one-way gate leading to the halls of Pandemonium.
 72721 | Depths:2 | Learned a level 9 spell: Chain Lightning
 72829 | Depths:2 | Reached skill level 10 in Conjurations
 73636 | Depths:2 | Identified the +0 robe "Meocen Egil" {rPois Str+4 Dex+4}
 73923 | Depths:2 | Identified the staff of death "Bubroty" {rF+ rN+ rCorr
                  | Str+3}
 74014 | Depths:2 | Identified the +2 short sword "Roceih" {flame, Fly Str+4}
 75107 | Depths:3 | Found a large runed translucent door.
 75110 | Depths:3 | Found a large runed translucent door.
 75398 | Depths:3 | Found a large runed translucent door.
 75522 | Depths:3 | Reached XP level 24. HP: 168/197 MP: 18/42
 75553 | Depths:3 | Reached skill level 15 in Conjurations
 75960 | Depths:3 | Found a large runed translucent door.
 75964 | Depths:3 | Found a large runed translucent door.
 75965 | Depths:3 | Found a large runed translucent door.
 75966 | Depths:3 | Found a large runed translucent door.
 76055 | Depths:3 | Found a large runed translucent door.
 76158 | Depths:4 | Entered Level 4 of the Depths
 76429 | Depths:4 | Found a gate to the Realm of Zot.
 76671 | Depths:4 | Found a one-way gateway to a ziggurat.
 76671 | Depths:4 | Noticed a dread lich
 77000 | Slime:1  | Entered Level 1 of the Pits of Slime
 79134 | Slime:5  | Entered Level 5 of the Pits of Slime
 79186 | Slime:5  | Gained mutation: You are clumsy. (Dex -2) [a shining eye]
 79403 | Slime:5  | Noticed the Royal Jelly
 79406 | Slime:5  | Killed the Royal Jelly
 79457 | Slime:5  | Got a slimy rune of Zot
 79458 | Slime:5  | Identified the staff of air "Keyfaec" {rElec rC- Str+2
                  | Int+6}
 79463 | Slime:5  | Identified the amulet "Utit" {Spirit Dex+3}
 79492 | Slime:5  | Identified the ring "Ocseto" {Drain rC++ rN+ MP+9 Stlth+}
 79614 | Slime:5  | Identified the +6 fire dragon scales "Yseweesa" {rPois rF++
                  | rC- Dex+4}
 79673 | Slime:5  | Identified the staff of cold "Quweg" {rC+ rN+}
 79779 | Slime:5  | Identified the +8 mace of Vatsich {heavy, rN++ Will+ Int+3}
 80528 | Vaults:5 | Entered Level 5 of the Vaults
 80818 | Vaults:4 | Reached XP level 25. HP: 85/203 MP: 12/42
 80983 | Vaults:5 | Noticed a dread lich
 81370 | Vaults:5 | Noticed an ancient lich
 81375 | Vaults:5 | Killed an ancient lich
 81779 | Vaults:5 | Identified the +5 scimitar of the Other Side {drain, Dex+2}
 81947 | Vaults:5 | Identified the staff of cold "Niboqubb" {rF+ rC+ Will+
                  | rCorr Str-4}
 81974 | Vaults:5 | Got a silver rune of Zot
 82636 | Vaults:5 | Identified the staff of death "Udunal" {rElec rPois rN+
                  | Int-2 SInv}
 82852 | Vaults:5 | Identified the staff of conjuration "Ratsoo" {Contam rPois
                  | Int+5 Dex+3}
 82945 | Vaults:5 | Found the +1 cloak of Starlight {*Dazzle EV+4 Stlth--}
 83081 | Vaults:5 | Got the Opusculum on Fog and the Tropics
 83704 | Depths:4 | Killed a dread lich
 83983 | Depths:4 | Found a shimmering altar of Xom.
 84003 | Depths:4 | Found a shimmering altar of Xom.
 84006 | Depths:4 | Found a shimmering altar of Xom.
 84007 | Depths:4 | Found a shimmering altar of Xom.
 84536 | Crypt:1  | Entered Level 1 of the Crypt
 84866 | Zot:1    | Entered Level 1 of the Realm of Zot
 85034 | Zot:1    | Reached XP level 26. HP: 211/211 MP: 39/42
 85199 | Zot:1    | Identified the +0 falchion "Jaclauvi" {freeze, rF+ Int+5}
 85216 | Zot:1    | Noticed an orb of fire
 85224 | Zot:1    | Killed an orb of fire
 85658 | Zot:1    | HP: 15/303 [green draconian monk (2)]
 85659 | Zot:1    | HP: 4/303 [shadow dragon (11)]
 85659 | Zot:1    | Mangled by a green draconian monk

Illustrated notes

Levels and vault maps discovered:
D:1:      dpeg_arrival_castle, layout_rooms, minmay_pentomino_p4
D:2:      layout_basic, ebering_ecumenical_altar_box,
          hangedman_decor_clover_reticule
D:3:      layout_loops_ring, grunt_decor_resistance, uniq_crazy_yiuf_cottage,
          uniq_jessica
D:4:      cheibrodos_helix_gallery, layout_basic, cheibriados_altar_1,
          gammafunk_ghost_cemetery, uniq_sigmund
D:5:      layout_loops_ring, st_stairs_1, bh_walls_and_bars
D:6:      layout_basic, minmay_temple_entry_junction, fountainhead
D:7:      layout_loops_corners
D:8:      layout_basic, st_stairs_10
D:9:      layout_gridville, lair_entry_dummy, gammafunk_ghost_abyssal_escape,
          minmay_crystal_room
D:10:     lemuel_vampire_tower, layout_basic
D:11:     layout_basic, hiddenorc1_lemuel, serial_shops, nicolae_square_shop,
          shop, nicolae_diamond_shop
D:12:     layout_small_grid, nicolae_straight_to_the_point
D:13:     layout_small_grid, david_vaults_2
D:14:     minmay_heptahexagon, layout_irregular_city, nicolae_hexahallways
D:15:     hangedman_depths_entry_civil_slaughter, layout_cave_pools,
          gammafunk_ghost_smash, kb_rosetta
Temple:   compressed_dpeg_triangle_lava_temple
Lair:1:   layout_regular_city, dpeg_stationary_puzzle
Lair:2:   layout_long_grid, minmay_shoals_entry_centaurs
Lair:3:   layout_roguey, minmay_snake_entry_guardpost_small, beast_lair_carwin_7
Lair:4:   layout_loops_ring, dpeg_slime_entry_enclosed,
          ebering_ghost_inner_flame, chequers_serial_rivers_small_b,
          disabler_island
Lair:5:   due_jungle_book, layout_regular_city
Shoals:1: layout_shoals, serial_shops, shop_fountains
Shoals:2: layout_shoals, gammafunk_ghost_grave, nicolae_shoals_wave_tunnel
Shoals:3: nzn_motion_control, layout_shoals, abandoned_shop
Shoals:4: shoals_end_hangedman, layout_shoals, nicolae_shoals_dead_sea_scrolls
Snake:1:  layout_concentric_octagons, lemuel_fruit_tree, grunt_megastairs_5
Snake:2:  layout_onion_interference, minmay_shop_grove, grunt_megastairs_1
Snake:3:  layout_misc_corridors, drop_trap, nicolae_snake_dead_anacondas
Snake:4:  minmay_snake_end_coiled, layout_cave_town, serial_bayou_shore_b
Slime:1:  layout_caves
Slime:2:  layout_caves
Slime:3:  layout_caves, nicolae_slime_getting_an_eyeful
Slime:4:  layout_caves
Slime:5
Orc:1:    layout_caves, nicolae_volcano_entry_lava_flow, minmay_orc_barracks,
          uniq_maurice, uniq_josephine
Orc:2:    st_orc_ogre_mass, layout_caves, serial_shops, shop
Elf:1:    eino_elf_arrival_sip, layout_rooms, minivault_28
Elf:2:    elven_hall_of_blades_hangedman_original
          [nicolae_blade_entry_diamond_columns], layout_loops_corners,
          nicolae_elf_altarnating, lemuel_upstairs_altar
Elf:3:    minmay_elf_hall_curves, layout_onion_city, serial_shops, shop
Vaults:1: gammafunk_ghost_door_vault, v_alt_pattern_3,
          nicolae_vaults_display_case, nicolae_vaults_sealed_display, v_misc_27,
          nicolae_vaults_network_star, vaults_standard_mumra_lines,
          nicolae_vaults_tetromino_Z_2, ontoclasm_vaults_spin,
          nicolae_vaults_little_ls, layout_vaults_ring, serial_shops,
          nicolae_shop_window_shopping
Vaults:2: mu_enter_wizlab_4, nicolae_vaults_closet_pinwheel_5,
          minmay_crypt_entry_necro_gods, hangedman_vaults_restitches,
          ontoclasm_vaults_shout, nicolae_vaults_sightless_eye,
          vaults_room_corners, vaults_dpeg_ring, v_misc_15,
          nicolae_vaults_circle_grid_a, ontoclasm_vaults_ligature,
          hangedman_vaults_snaps, layout_vaults_omnibox
Vaults:3: nicolae_vaults_house_1, nicolae_vaults_door_testing_chamber,
          nicolae_vaults_ring_of_whatevers, hangedman_vaults_trim,
          nicolae_vaults_storage_room_statues, nicolae_vaults_shelves_hall,
          nicolae_vaults_little_squares_1, v_misc_3, vaults_room_pool,
          layout_vaults_quadrants
Vaults:4: nicolae_vaults_diamond_1, vaults_standard_mumra_x,
          nicolae_vaults_steering_wheel, ontoclasm_vaults_pinch,
          ontoclasm_vaults_ring_small, nicolae_vaults_trapezoid_3,
          nicolae_vaults_circle_grid_a, st_more_cells,
          nicolae_vaults_taking_the_gang_shopping, layout_vaults_chaotic_city,
          uniq_xtahua
Vaults:5
Crypt:1:  cheibrodos_crypt_draghalla, layout_regular_city, serial_sigils,
          serial_sigils_hangedman_gut, serial_sigils_hangedman_carve,
          serial_sigils_hangedman_writhe, serial_sigils_hangedman_stare,
          serial_sigils_hangedman_gnaw
Depths:1: layout_cave_pools, nicolae_uskayaw_murder_on_the_dancefloor,
          pf_hell_entry_tar_spiral, kennysheep_crisscross, minmay_holes,
          minmay_hedge_maze, abandoned_shop, minmay_strange_pillars
Depths:2: minmay_spiral_squares, layout_cave_pools, hell_entry, pan_entry,
          serial_column_ruins, column_ruins_square_medium, column_ruins_hut,
          column_ruins_corridor_straight, column_ruins_corridor_corner,
          column_ruins_grid_3, column_ruins_grid_1, column_ruins_open_tiny,
          column_ruins_grid_1, minmay_fire_ice_demons
Depths:3: minmay_five_octagons, layout_gridlike, abyss_entry,
          minmay_misc_feat_cross, hell_entry, infiniplex_staircase_pillars_1
Depths:4: evilmike_zot_entry_argh, layout_basic, enter_ziggurat_c,
          hangedman_geh_valley, xom_redecorated, lemuel_statue_altar
Zot:1:    layout_misc_corridors
Zot:2:    gammafunk_mikee_crab_dinner, layout_misc_corridors, evilmike_ambush
          [evilmike_ambush_outer_basic, evilmike_ambush_inner_basic]

Skill      XL: |  1  2  3  4  5  6  7  8  9 10 11 12 13 14 15 16 17 18 19 20 21 22 23 24 25 |
---------------+----------------------------------------------------------------------------+-----
Air Magic      | 3 4 5 6 7 8 11 13 16 19 21 22 23 | 23.6
Fighting       | 2 5 8 11 12 13 14 15 17 | 17.8
Spellcasting   | 3 5 7 8 9 10 11 12 14 15 | 15.0
Shields        | 2 4 8 11 | 11.7
Dodging        | 4 7 8 |  8.9
Ice Magic      | 6 10 14 16 17 18 | 18.0
Armour         | 3 4 |  4.0
Conjurations   | 4 7 14 20 23 | 23.4
Stealth        | |  1.7

Action                     |  1- 3 |  4- 6 |  7- 9 | 10-12 | 13-15 | 16-18 | 19-21 | 22-24 | 25-27 || total
---------------------------+-------+-------+-------+-------+-------+-------+-------+-------+-------++-------
  Melee: Unarmed           |    18 |       |       |       |       |       |       |       |       ||    18
         Spear             |     9 |     3 |       |       |       |       |       |       |       ||    12
         Mace              |       |     7 |    18 |    28 |       |       |       |       |       ||    53
         Staff             |       |       |       |     8 |    62 |       |       |    31 |    24 ||   125
         Hand axe          |       |       |       |     4 |   150 |   222 |   347 |    14 |       ||   737
   Cast: Shock             |    87 |   148 |   181 |   119 |   125 |       |       |       |       ||   660
         Static Discharge  |       |     2 |    29 |    60 |   126 |    51 |       |       |       ||   268
         Airstrike         |       |     4 |    29 |   240 |   288 |    34 |    22 |     4 |     1 ||   622
         Ozocubu's Refrige |       |       |       |       |   185 |   381 |   428 |   685 |   248 ||  1927
         Arcjolt           |       |       |       |       |       |    17 |   230 |   125 |    26 ||   398
         Freezing Cloud    |       |       |       |       |       |     2 |    84 |    12 |       ||    98
         Maxwell's Capacit |       |       |       |       |       |       |    13 |    82 |    36 ||   131
 Invoke: Potion Petition   |       |       |       |       |     3 |     2 |     9 |     1 |       ||    15
         Call Merchant     |       |       |       |       |     2 |       |     1 |       |       ||     3
         Bribe Branch      |       |       |       |       |       |       |       |       |     1 ||     1
  Evoke: Phantom mirror    |       |       |       |       |       |       |     3 |       |     1 ||     4
         Wand              |       |       |       |       |       |       |     2 |       |     1 ||     3
    Use: Potion            |     1 |       |     1 |     5 |     7 |     2 |    19 |     1 |     4 ||    40
         Scroll            |       |     3 |     6 |    13 |    18 |     3 |    10 |    12 |     6 ||    71
   Stab: Sleeping          |       |       |     1 |       |       |       |       |       |       ||     1
         Distracted        |       |       |       |       |     1 |       |     2 |       |     1 ||     4
         Invisible         |       |       |       |       |       |     1 |     6 |       |       ||     7
 Armour: Robe              |    11 |     5 |     7 |    24 |    32 |       |       |       |       ||    79
         Leather armour    |       |       |       |       |    48 |   206 |   218 |       |       ||   472
         Skin              |       |       |       |       |       |       |    29 |       |       ||    29
         Troll leather arm |       |       |       |       |       |       |    15 |   225 |    83 ||   323
  Dodge: Dodged            |    34 |    27 |    61 |   139 |   265 |   262 |   374 |   244 |   110 ||  1516
         Repelled          |       |       |       |       |       |    26 |    11 |    19 |     2 ||    58
  Block: Buckler           |       |       |     2 |    53 |   114 |       |       |       |       ||   169
         Kite shield       |       |       |       |       |       |   258 |   418 |   301 |   104 ||  1081
         Reflection        |       |       |       |       |       |     8 |       |       |       ||     8
